 Dungeon Sprint DCSS version 0.24-a0-809-g71cb82dfb8 (webtiles) character file.

Game seed: 1104258957141737915, levelgen mode: deterministic

0 MisterOstroum the Shooter (level 1, -2/17 HPs)
             Began as a Centaur Hunter on Oct 11, 2019.
             Was an Initiate of Okawaru.
             Slain by a quasit (3 damage)
             ... in the Dungeon (Sprint VI: "Thunderdome").
             The game lasted 00:00:48 (64 turns).

MisterOstroum the Shooter (Centaur Hunter)            Turns: 64, Time: 00:00:48

Health: -2/17      AC:  4    Str: 14      XL:     1   Next: 83%
Magic:  1/1        EV:  9    Int: 10      God:    Okawaru [......]
Gold:   65         SH:  0    Dex:  6 (9)  Spells: 0/0 levels left

rFire    . . .     SeeInvis .   p - +0 longbow
rCold    . . .     Gourm    .   (shield currently unavailable)
rNeg     . . .     Faith    .   c - +0 leather armour
rPois    .         Spirit   .   (no helmet)
rElec    .         Reflect  .   (no cloak)
rCorr    .         Harm     .   (no gloves)
MR       .....     NoTele   +   (no barding)
Stlth    ..........             (no amulet)
HPRegen  0.05/turn              (no ring)
MPRegen  0.07/turn              (no ring)

@: very quick
A: large, hooves 3, deformed body, speed 2, tough skin 3
a: Renounce Religion


You were in the Dungeon.
You worshipped Okawaru.
Okawaru was noncommittal.
You were not hungry.

You visited 1 branch You collected 200 gold pieces.
You spent 135 gold pieces at shops.

Inventory:

Hand Weapons
 a - a +1 shortbow
 b - a +0 short sword
 p - a +0 longbow (weapon)
Missiles
 d - 9 arrows (quivered)
Armour
 c - a +0 leather armour (worn)
Wands
 m - a wand of acid (5)
 n - a wand of iceblast (5)
Scrolls
 k - 4 scrolls of blinking {@r4}
 o - 3 scrolls of fog
Potions
 f - a potion of curing {@q1 !q}
 g - 4 potions of heal wounds {@q2 !q}
 h - 4 potions of haste {@q4 !q}
 i - 2 potions of magic
 j - a potion of berserk rage
 l - a potion of resistance
Comestibles
 e - a ration


   Skills:
 - Level 2.0 Fighting
 + Level 7.3 Bows
 - Level 1.3 Dodging
 - Level 0.4 Stealth


You couldn't memorise any spells.
You didn't know any spells.
Your spell library was empty.

Dungeon Overview and Level Annotations

Branches:
Dungeon (1/1)

Altars:
Cheibriados
Dithmenos
Fedhas
Gozag
Kikubaaqudgha
Makhleb
Okawaru
Qazlal
Ru
Sif Muna
Trog
Uskayaw
Vehumet
Wu Jian
Xom
Yredelemnul
Zin
The Shining One
Beogh
Jiyva
Lugonu

Shops:
D *[%??*?*:[((!!!!


Innate Abilities, Weirdness & Mutations

You have hooves in place of feet.
Armour fits poorly on your strangely shaped body.
You cover ground very quickly.
You have extremely tough skin. (AC +3)


Message History

Firing (i - inventory)
d - 20 arrows (quivered)
Press: ? - help, Shift-Dir - straight line, f - white imp
Aim: a white imp You shoot an arrow.
The arrow closely misses the white imp.
The white imp gestures at you. The puff of frost hits you.
Firing (i - inventory)
d - 19 arrows (quivered)
Press: ? - help, Shift-Dir - straight line, f/p - white imp
Aim: a white imp You shoot an arrow.
The arrow hits the white imp!
You kill the white imp!
Your Bows skill gained 2 levels and is now at level 7!
Found Rydealax's Do-It-Yourself Clinic.
Found Ycaogy's Bottled Wisdom and Epliul's Distillery.
There is a glowing silver altar of Zin here.
There is a bloodstained altar of Trog here.
There is an iron altar of Okawaru here.
You kneel at the altar of Okawaru.
Okawaru welcomes you!
Found Rywuiw's Distillery.
Found three altars.
Found a snail-covered altar of Cheibriados.
Found a viscous altar of Jiyva.
Found a corrupted altar of Lugonu.
Found Filitas's Staff Store and Mig Dui's Magic Scroll Shop.
Found a sacrificial altar of Ru and a roughly hewn altar of Beogh.
Found Tinos's Must-Have Magic and Uxkomoe's Magic Scroll Shop.
Found a glowing golden altar of the Shining One.
Found an opulent altar of Gozag.
Found Pyssubis's Delicious Food.
A quasit comes into view.
Found Famuoha's Jewellery and Huunur's Advanced Armour.
The quasit gives a chilling moan.
Firing (i - inventory)
d - 18 arrows (quivered)
Press: ? - help, Shift-Dir - straight line, f - quasit
Aim: a quasit You shoot an arrow.
The arrow misses the quasit.
Firing (i - inventory)
d - 17 arrows (quivered)
Press: ? - help, Shift-Dir - straight line, f/p - quasit
Aim: a quasit You shoot an arrow.
The arrow barely misses the quasit.
Firing (i - inventory)
d - 16 arrows (quivered)
Press: ? - help, Shift-Dir - straight line, f/p - quasit
Aim: a quasit You shoot an arrow.
The arrow hits the quasit.
The quasit is lightly wounded.
The quasit barely misses you.
The quasit claws you but does no damage.
The quasit claws you. The quasit bites you.
The quasit claws you but does no damage.
The quasit claws you.
You feel clumsy.
Firing (i - inventory)
d - 15 arrows (quivered)
Press: ? - help, Shift-Dir - straight line, f/p - quasit
Aim: a quasit (lightly wounded)
You shoot an arrow. The arrow closely misses the quasit.
The quasit bites you. The quasit closely misses you.
The quasit claws you but does no damage.
The quasit bites you but does no damage.
The quasit claws you.
* * * LOW HITPOINT WARNING * * *
The quasit claws you but does no damage.
Firing (i - inventory)
d - 14 arrows (quivered)
Press: ? - help, Shift-Dir - straight line, f/p - quasit
Aim: a quasit (lightly wounded)
You shoot an arrow. The arrow misses the quasit.
The quasit bites you but does no damage.
The quasit claws you but does no damage.
The quasit completely misses you.
Firing (i - inventory)
d - 13 arrows (quivered)
Press: ? - help, Shift-Dir - straight line, f/p - quasit
Aim: a quasit (lightly wounded)
You shoot an arrow. The arrow misses the quasit.
The quasit barely misses you. The quasit completely misses you.
The quasit closely misses you.
The quasit bites you but does no damage.
The quasit claws you but does no damage.
The quasit closely misses you.
Firing (i - inventory)
d - 12 arrows (quivered)
Press: ? - help, Shift-Dir - straight line, f/p - quasit
Aim: a quasit (lightly wounded)
You shoot an arrow. The arrow hits the quasit!
The quasit is severely wounded.
The quasit barely misses you. The quasit claws you.
* * * LOW HITPOINT WARNING * * *
You feel clumsy.
The quasit claws you but does no damage.
The quasit bites you.
* * * LOW HITPOINT WARNING * * *
You feel clumsy.
The quasit claws you but does no damage. x2
Firing (i - inventory)
d - 11 arrows (quivered)
Press: ? - help, Shift-Dir - straight line, f/p - quasit
Aim: a quasit (severely wounded)
You shoot an arrow. The arrow misses the quasit.
The quasit bites you but does no damage.
The quasit misses you. The quasit barely misses you.
Firing (i - inventory)
d - 10 arrows (quivered)
Press: ? - help, Shift-Dir - straight line, f/p - quasit
Aim: a quasit (severely wounded)
You shoot an arrow. The arrow misses the quasit.
The quasit bites you.
You die...

#_......._# #_......._#
###.........###
#⌠...........⌠#
######.8.........8.####
##∩.__......###......___
#∩........8.# #.8.......
............###.........
(.....5@.###...###......
..(......# #.<.# #......
(........###...###......
....(.......###.........
#∩........8.# #.8.......
##∩.__......###......___
######.8.........8.####
#⌠...........⌠#
###.........###


You could see a quasit.

Vanquished Creatures
  A white imp (D)
1 creature vanquished.

Notes
Turn   | Place    | Note
-------+----------+-------------------------------------------
     0 | D        | MisterOstroum the Centaur Hunter began the quest for the
                  | Orb.
     0 | D        | Reached XP level 1. HP: 17/17 MP: 1/1
     1 | D        | Found a glowing silver altar of Zin.
     1 | D        | Found a shimmering altar of Xom.
     2 | D        | Found a bloodstained altar of Trog.
     2 | D        | Found a shimmering blue altar of Sif Muna.
     3 | D        | Found a burning altar of Makhleb.
     3 | D        | Found a radiant altar of Vehumet.
     4 | D        | Found an iron altar of Okawaru.
     4 | D        | Found a hide-covered altar of Uskayaw.
     4 | D        | Found an ancient bone altar of Kikubaaqudgha.
     4 | D        | Found Otuplug's Weapon Rack.
     4 | D        | Found Caywa's Premium Goods.
     5 | D        | Found Uxuetu's Basic Armour.
     5 | D        | Found Zuried's Miscellaneous Merchandise.
     8 | D        | Round 1.
    12 | D        | Bought a +0 longbow for 135 gold pieces
    17 | D        | Found a basalt altar of Yredelemnul.
    18 | D        | Found a shadowy altar of Dithmenos.
    21 | D        | Found Honid's Identification Station.
    23 | D        | Reached skill level 7 in Bows
    31 | D        | Found Rydealax's Do-It-Yourself Clinic.
    32 | D        | Found Ycaogy's Bottled Wisdom.
    32 | D        | Found Epliul's Distillery.
    38 | D        | Became a worshipper of Warmaster Okawaru
    39 | D        | Found a stormy altar of Qazlal.
    39 | D        | Found an ornate altar of the Wu Jian Council.
    39 | D        | Found a blossoming altar of Fedhas.
    39 | D        | Found Rywuiw's Distillery.
    43 | D        | Found a snail-covered altar of Cheibriados.
    44 | D        | Found a viscous altar of Jiyva.
    45 | D        | Found a corrupted altar of Lugonu.
    46 | D        | Found a sacrificial altar of Ru.
    46 | D        | Found a roughly hewn altar of Beogh.
    46 | D        | Found Filitas's Staff Store.
    46 | D        | Found Mig Dui's Magic Scroll Shop.
    47 | D        | Found Tinos's Must-Have Magic.
    47 | D        | Found Uxkomoe's Magic Scroll Shop.
    50 | D        | Found a glowing golden altar of the Shining One.
    51 | D        | Found an opulent altar of Gozag.
    53 | D        | Found Pyssubis's Delicious Food.
    54 | D        | Found Famuoha's Jewellery.
    54 | D        | Found Huunur's Advanced Armour.
    54 | D        | Noticed a quasit
    64 | D        | Slain by a quasit

Levels and vault maps discovered:
D:        arena_sprint

Skill      XL: |  1 |
---------------+----+-----
Bows           | 7 |  7.3
Fighting       | |  2.0
Dodging        | |  1.3
Stealth        | |  0.4

Action                   || total
-------------------------++-------
 Fire: Longbow           ||    11
Armor: Leather armour    ||    13
Dodge: Dodged            ||    10

Table legend:
 A = Non-vault XP
 B = Vault XP
 C = Vault XP percentage of total XP
 D = Non-vault monster count
 E = Vault monster count
 F = Vault count percentage of total count
                 A         B        C        D         E       F
            +---------+---------+-------+---------+---------+-------
      Total |      10 |       0 |   0.0 |       1 |       0 |   0.0
            +---------+---------+-------+---------+---------+-------
          D |      10 |       0 |   0.0 |       1 |       0 |   0.0
            +---------+---------+-------+---------+---------+-------
